 Dungeon Crawl Stone Soup version 0.24-a0-139-geb6712d (webtiles) character file.

Game seed: 1360637485246123189

985 Dfrag the Firebug (level 8, -4/93 HPs)
             Began as a Naga Fire Elementalist on Mar 4, 2019.
             Was a Follower of Vehumet.
             Slain by a worker ant (8 damage)
             ... on level 5 of the Dungeon.
             The game lasted 00:06:26 (3835 turns).

Dfrag the Firebug (Naga Fire Elementalist)          Turns: 3835, Time: 00:06:26

Health: -4/93      AC:  3    Str: 13 (16) XL:     8   Next: 18%
Magic:  1/15       EV: 10    Int: 16 (17) God:    Vehumet [*.....]
Gold:   234        SH:  0    Dex: 11 (12) Spells: 4/17 levels left

rFire    . . .     SeeInvis +   i - +1 scimitar (elec)
rCold    . . .     Gourm    .   (no shield)
rNeg     . . .     Faith    .   a - +0 robe
rPois    +         Spirit   .   (no helmet)
rElec    .         Reflect  .   (no cloak)
rCorr    .         Harm     .   (no gloves)
MR       +....                  (no barding)
Stlth    ..........             (no amulet)
HPRegen  0.25/turn              n - ring of poison resistance
MPRegen  0.14/turn              (no ring)

@: berserking, lethally poisoned (-4 -> -12), quick
A: large, see invisible, deformed body, poison resistance, slowness 2, slow
metabolism 1, spit poison 1, AC +2
a: Spit Poison, Renounce Religion


You were on level 5 of the Dungeon.
You worshipped Vehumet.
Vehumet was aware of your devotion.
You were not hungry.

You visited 1 branch of the dungeon, and saw 5 of its levels.

You collected 234 gold pieces.

Inventory:

Hand Weapons
 d - a +0 dagger of draining
 i - a +1 scimitar of electrocution (weapon)
Armour
 a - a +0 robe (worn)
Jewellery
 n - a ring of poison resistance (left hand)
Wands
 p - a wand of random effects (19)
Scrolls
 b - 2 scrolls of random uselessness {unknown}
 e - 6 scrolls of identify {unknown}
 f - 6 scrolls of enchant weapon {unknown}
 h - 4 scrolls of remove curse {unknown}
 k - a scroll of acquirement {unknown}
 o - 2 scrolls of teleportation {unknown}
Potions
 g - a potion of degeneration
 l - a potion of invisibility {unknown}
 m - a potion of ambrosia {unknown}
 q - a potion of agility {unknown}
 r - 2 potions of heal wounds {unknown}
Comestibles
 c - 5 rations


   Skills:
 - Level 1.5 Dodging
 - Level 3.0 Stealth
 + Level 5.2 Spellcasting
 + Level 5.2 Conjurations
 + Level 6.0 Fire Magic


You had 4 spell levels left.
You knew the following spells:

 Your Spells              Type           Power        Failure   Level  Hunger
a - Flame Tongue          Conj/Fire      ###..        1%          1    None
b - Conjure Flame         Conj/Fire      ###.....     4%          3    ###....
c - Sticky Flame          Conj/Fire      ###.....     14%         4    ####...
d - Fireball              Conj/Fire      ###.......   38%         5    ######.

Your spell library contained the following spells:

 Spells                   Type           Power        Failure   Level  Hunger
 Sting                    Conj/Pois      ##..         4%          1    None
 Throw Flame              Conj/Fire      ###...       2%          2    #......
 Inner Flame              Hex/Fire       ##......     13%         3    ###....


Dungeon Overview and Level Annotations

Branches:
Dungeon (5/15)             Temple (0/1) D:4

Altars:
Vehumet

Annotations:
D:5 1 runed translucent door


Innate Abilities, Weirdness & Mutations

You cannot wear boots.
Your serpentine skin is tough. (AC +2)
You have supernaturally acute eyesight. (SInv)
Armour fits poorly on your strangely shaped body.
Your system is resistant to poisons. (rPois)
You cover ground very slowly.
You have a slow metabolism.
You can spit poison.


Message History

You feel yourself moving faster!
You feel mighty!
You feel sick. The worker ant barely misses you.
You are too berserk!
Unknown command.
You closely miss the worker ant.
The worker ant is heavily wounded.
You feel sick. The worker ant bites you.
* * * LOW HITPOINT WARNING * * *
You are lethally poisoned!
The worker ant poisons you!
You slash the worker ant!
The worker ant is almost dead.
* * * LOW HITPOINT WARNING * * *
You feel sick. The worker ant barely misses you.
Unknown command.
You closely miss the worker ant.
The worker ant is almost dead.
* * * LOW HITPOINT WARNING * * *
You feel sick. The worker ant bites you!
You die...

### ... #.########
#.#.. ... #.#.#####.
#.#.#.....
############...#.###.
+...@a†............#.
########'#########...
.........b.(...##.#.
........a......#....
..[.#######....#....
... #....$#....#....
.. +..).a†....#.... .
#.b...#†...#.###
#######....#.


You could see a worker ant.

Vanquished Creatures
  An orc warrior (D:4)
  A phantom (D:5)
  A scorpion (D:5)
  2 killer bees (D:5)
  2 howler monkeys (D:5)
  3 orc priests (D:4)
  A bullfrog skeleton (D:4)
  2 iguanas (D:5)
  Natasha (thrice) (D:3)
  4 orc wizards
  5 worker ants
  A killer bee zombie (D:5)
  An adder (D:3)
  3 oozes
  3 worms
  3 dart slugs
  2 leopard geckos
  6 orcs
  4 ball pythons
  10 bats
  7 giant cockroaches
  8 goblins
  6 hobgoblins
  4 jackals (D:5)
  A quokka (D:3)
  5 frilled lizards
  11 kobolds
  6 rats
106 creatures vanquished.

Notes
Turn   | Place    | Note
-------+----------+-------------------------------------------
     0 | D:1      | Dfrag the Naga Fire Elementalist began the quest for the
                  | Orb.
     0 | D:1      | Reached XP level 1. HP: 15/15 MP: 3/3
    33 | D:1      | Reached XP level 2. HP: 14/22 MP: 1/5
   208 | D:1      | Reached XP level 3. HP: 12/28 MP: 0/6
   274 | D:1      | You fall through a shaft!
   866 | D:1      | Reached XP level 4. HP: 36/36 MP: 8/8
  1265 | D:3      | Noticed Natasha
  1274 | D:3      | Killed Natasha
  1279 | D:3      | Learned a level 3 spell: Conjure Flame
  1284 | D:3      | Learned a level 4 spell: Sticky Flame
  1285 | D:3      | Noticed Natasha
  1292 | D:3      | Killed Natasha
  1292 | D:3      | Reached skill level 4 in Fire Magic
  1292 | D:3      | Reached XP level 5. HP: 22/42 MP: 0/9
  1504 | D:3      | Noticed Natasha
  1510 | D:3      | Killed Natasha
  1555 | D:3      | Found a radiant altar of Vehumet.
  1823 | D:3      | Became a worshipper of Vehumet
  2139 | D:4      | Found a staircase to the Ecumenical Temple.
  2464 | D:4      | Reached XP level 6. HP: 49/49 MP: 9/11
  2466 | D:4      | Noticed an orc warrior
  2471 | D:5      | Entered Level 5 of the Dungeon
  2699 | D:5      | Reached skill level 5 in Fire Magic
  2699 | D:5      | Reached XP level 7. HP: 8/55 MP: 0/13
  2983 | D:4      | Learned a level 5 spell: Fireball
  3109 | D:4      | HP: 2/55 [orc warrior/+0 short sword (19)]
  3794 | D:5      | Found a runed translucent door.
  3795 | D:5      | Found a runed translucent door.
  3798 | D:5      | Reached * piety under Vehumet
  3798 | D:5      | Offered knowledge of Sting by Vehumet.
  3808 | D:5      | Reached skill level 5 in Spellcasting
  3808 | D:5      | Reached skill level 5 in Conjurations
  3808 | D:5      | Reached XP level 8. HP: 56/62 MP: 8/15
  3813 | D:5      | Reached skill level 6 in Fire Magic
  3835 | D:5      | HP: 4/93 [poisoned by a worker ant]
  3835 | D:5      | Slain by a worker ant

Levels and vault maps discovered:
D:1:      onia_arrival_handbag, layout_basic, st_stairs_5
D:2:      layout_loops_cross, first_ration
D:3:      layout_rooms, fiery_altar_vehumet, minmay_close_crescents,
          uniq_natasha
D:4:      layout_cave_pods, minmay_temple_entry_proselytizer
D:5:      lemuel_insect_pit, layout_basic

Skill      XL: |  1  2  3  4  5  6  7  8 |
---------------+-------------------------+-----
Conjurations   | 2 3 4 5 |  5.2
Spellcasting   | 3 4 5 |  5.2
Fire Magic     | 4 5 6 |  6.0
Dodging        | |  1.5
Stealth        | |  3.0

Action                   |  1- 3 |  4- 6 |  7- 9 || total
-------------------------+-------+-------+-------++-------
Melee: Unarmed           |     6 |       |       ||     6
       Scimitar          |    11 |    22 |    14 ||    47
       Dagger            |     1 |       |       ||     1
 Cast: Flame Tongue      |    43 |    66 |    46 ||   155
       Sticky Flame      |       |     1 |     5 ||     6
       Conjure Flame     |       |       |     1 ||     1
 Abil: Spit Poison       |    20 |     8 |     9 ||    37
  Use: Potion            |       |     2 |     2 ||     4
 Stab: Sleeping          |     1 |       |       ||     1
  Eat: Chunk             |     1 |     6 |     2 ||     9
       Ration            |       |       |     1 ||     1
Armor: Robe              |    16 |    15 |     7 ||    38
Dodge: Dodged            |    41 |    44 |    27 ||   112
       Rpst.: Scimitar   |     1 |    10 |     4 ||    15

Table legend:
 A = Non-vault XP
 B = Vault XP
 C = Vault XP percentage of total XP
 D = Non-vault monster count
 E = Vault monster count
 F = Vault count percentage of total count
                 A         B        C        D         E       F
            +---------+---------+-------+---------+---------+-------
      Total |    1056 |     352 |  25.0 |      84 |      22 |  20.8
            +---------+---------+-------+---------+---------+-------
        D:1 |      46 |      15 |  24.6 |      30 |       7 |  18.9
        D:2 |      39 |       0 |   0.0 |      15 |       0 |   0.0
        D:3 |      96 |      26 |  21.3 |       8 |       5 |  38.5
        D:4 |     410 |      41 |   9.1 |      13 |       1 |   7.1
        D:5 |     465 |     270 |  36.7 |      18 |       9 |  33.3
            +---------+---------+-------+---------+---------+-------
